 Dungeon Crawl Stone Soup version 0.28-a0-779-g3d1f99b579 (webtiles) character file.

Game seed: 4415479370980553350

72 swuauws the Caller (level 4, -1/34 HPs)
             Began as a Draconian Wanderer on Nov 3, 2021.
             Hit by a boomerang thrown by an orc (5 damage)
             ... on level 3 of the Dungeon.
             The game lasted 00:14:16 (2205 turns).

swuauws the Caller (Draconian Wanderer)             Turns: 2205, Time: 00:14:17

Health: -1/34      AC:  5    Str: 13    XL:     4   Next: 6%
Magic:  4/4        EV: 11    Int: 13    God:
Gold:   85         SH:  3    Dex: 12    Spells: 2/3 levels left

rFire   . . .      SeeInvis .   a - +3 falchion
rCold   . . .      Faith    .   b - +0 buckler
rNeg    . . .      Spirit   .   (armour unavailable)
rPois   .          Reflect  .   (helmet restricted)
rElec   .          Harm     .   (no cloak)
rCorr   .          Rampage  .   (no gloves)
Will    .....                   (no boots)
Stlth   ++........              (no amulet)
HPRegen 0.11/turn               (no ring)
MPRegen 0.09/turn               (no ring)

@: no status effects
A: AC +5, unfitting armour, cold-blooded
a: no special abilities


You were on level 3 of the Dungeon.
You visited 1 branch of the dungeon, and saw 3 of its levels.

You collected 85 gold pieces.

Inventory:

Hand Weapons
 a - a +3 falchion (weapon)
Armour
 b - a +0 buckler (worn)
Scrolls
 c - 2 scrolls of enchant weapon
Potions
 d - a potion of lignification
 f - a potion of degeneration {unknown}


   Skills:
 + Level 0.6 Fighting
 + Level 2.2 Long Blades
 + Level 1.2 Dodging
 + Level 2.3 Stealth
 + Level 1.1 Shields
 + Level 3.8 Summonings
 + Level 2.1 Fire Magic


You had 2 spell levels left.
You knew the following spells:

 Your Spells              Type           Power      Damage    Failure   Level
a - Sting                 Tmut/Pois      0%         1d3       41%         1

Your spell library contained the following spells:

 Spells                   Type           Power      Damage    Failure   Level
 Mephitic Cloud           Conj/Pois/Air  0%         N/A       80%         3


Dungeon Overview and Level Annotations

Branches:
Dungeon (3/15)

Altars:
Fedhas

Shops:
D:2 (


Innate Abilities, Weirdness & Mutations

Your plain brown scales are hard. (AC +5)
You cannot fit into any form of body armour.
You are cold-blooded and may be slowed by cold attacks.


Message History

You hit the orc.
The orc is moderately wounded.
The orc barely misses you. The orc hits you with a +0 dagger.
You hit the orc.
The orc is severely wounded.
The orc hits you with a +0 dagger.
An orc priest comes into view. It is wielding a +0 dagger.
You block the orc's attack. The orc hits you but does no damage.
The orc priest shouts!
You hit the orc.
You kill the orc!
The orc priest calls down the wrath of Beogh upon you.
Beogh smites you!
* * * LOW HITPOINT WARNING * * *
The orc misses you.
You have reached level 4!
You feel agile.
Found a stone staircase leading down.
Sorry, you're not good enough to have a special ability.
You feel better. The orc closely misses you.
You closely miss the orc. You block the orc's attack. x2
You closely miss the orc. You block the orc's attack.
You slash the orc!
You kill the orc!
You hit the orc.
The orc is almost dead.
The orc hits you with a +0 dagger.
* * * LOW HITPOINT WARNING * * *
The orc priest mumbles some strange prayers to Beogh against you.
Beogh smites you!
* * * LOW HITPOINT WARNING * * *
You slash the orc!
You kill the orc!
The orc throws a boomerang.
The boomerang hits you but does no damage.
The orc throws a boomerang.
The boomerang misses you.
Found 17 arrows.
The orc throws a boomerang.
The boomerang closely misses you.
The orc throws a boomerang.
The boomerang hits you.
You die...

................##......#
.........$.....###.####.#
.........o.....# #.# .#
......###..o$..###+## #
####+## #...........#
#.........(.#
######......# #......#
#..@...# #####+##


You could see an orc priest and an orc.

Vanquished Creatures
  An iguana (D:3)
  An adder zombie (D:1)
  A dart slug (D:1)
  4 orcs (D:3)
  2 endoplasms
  2 giant cockroaches
  3 goblins (D:1)
  3 hobgoblins
  3 kobolds
  6 quokkas
  3 ball pythons (D:2)
  A ball python zombie (D:1)
  2 bats
  4 frilled lizards
36 creatures vanquished.

Notes
Turn   | Place    | Note
-------+----------+-------------------------------------------
     0 | D:1      | swuauws the Draconian Wanderer began the quest for the Orb.
     0 | D:1      | swuauws set off with the following items: a +2 falchion, a
                  | +0 buckler, a +0 dagger; and the following spell memorised:
                  | Sting; and the following spells available to memorise:
                  | Mephitic Cloud
     0 | D:1      | Reached XP level 1. HP: 14/14 MP: 1/1
   101 | D:1      | Reached XP level 2. HP: 11/20 MP: 2/2
  1164 | D:2      | Reached XP level 3. HP: 26/26 MP: 3/3
  1333 | D:2      | Found a faded altar of an unknown god.
  1451 | D:2      | Found a blossoming altar of Fedhas.
  1531 | D:2      | Found Qimubbat's Weapon Boutique.
  2178 | D:3      | HP: 1/27 [orc priest/divine providence (13)]
  2179 | D:3      | Reached XP level 4. HP: 1/34 MP: 4/4
  2205 | D:3      | Hit by a boomerang thrown by an orc

Illustrated notes

Levels and vault maps discovered:
D:1:      saegor_arrival_fortress, layout_basic, minmay_quantized
D:2:      layout_basic, serial_shops, nicolae_shop_statue_plus, basic_altar,
          hellmonk_ecumenical_altar_leap_of_faith, minmay_pentomino_u4
D:3:      layout_basic, kennysheep_jessica_study

Skill      XL: |  1  2  3 |
---------------+----------+-----
Stealth        | 2 |  2.3
Long Blades    | 2 |  2.2
Fighting       | |  0.6
Dodging        | |  1.2
Shields        | |  1.1
Summonings     | |  3.8
Fire Magic     | |  2.1

Action                   |  1- 3 |  4- 6 || total
-------------------------+-------+-------++-------
Melee: Falchion          |    84 |     5 ||    89
       Tailslap          |     8 |       ||     8
  Use: Scroll            |     8 |       ||     8
       Potion            |       |     1 ||     1
 Stab: Sleeping          |     5 |       ||     5
Armor: Skin              |    27 |     1 ||    28
Dodge: Dodged            |    35 |     3 ||    38
Block: Buckler           |    10 |     3 ||    13

Table legend: (Time is in decaauts)
 A = Elapsed time spent in this place.
 B = Non-inter-level travel time spent in this place.
 C = Inter-level travel time spent in this place.
 D = Time resting spent in this place.
 E = Time spent auto-exploring this place.
 F = Levels seen in this place.
 G = Mean time per level.
                   A        B        C        D        E       F      G
               +--------+--------+--------+--------+--------+-----+--------+
         Total |   2231 |   2231 |      0 |      0 |     83 |   3 |  743.7 |
       Dungeon |   2231 |   2231 |      0 |      0 |     83 |   3 |  743.7 |
               +--------+--------+--------+--------+--------+-----+--------+

Top non-repeatable levels by time:
     D:2: 1225 daAuts
     D:1: 937 daAuts
     D:3: 68 daAuts
